[Event "CCT Julius Baer-D1-Place 2024"]
[Site "Online"]
[Date "2024.09.26"]
[Round "1"]
[White "Carlsen, Magnus"]
[Black "Le, Tuan Minh"]
[Result "1-0"]
[ECO "C24"]
[WhiteElo "2832"]
[BlackElo "2564"]
[Annotator "TA"]
[PlyCount "185"]
[EventDate "2024.09.25"]
[EventType "swiss"]
[EventCountry "NET"]
[SourceTitle "playchess.com"]
[Source "ChessBase"]
[SourceQuality "1"]
[TimeControl "600+2"]

1. e4 e5 2. Bc4 Nf6 3. d3 c6 4. Nf3 d5 5. Bb3 a5 {[%emt 0:00:01] aiming for ...a4.} 6. a4 Bb4+ 7. c3 Bd6 8. exd5 {[%emt 0:00:22] The position is equal.} cxd5 9. Bg5 Be6 10. Na3 Nc6 11. Nb5 Bb8 12. Qe2 O-O 13. O-O-O Re8 14. Rhe1 h6 15. Bh4 d4 16. Qc2 Bxb3 17. Qxb3 Ba7 18. Kb1 dxc3 19. bxc3 Bb6 20. Nd2 {[%emt 0:01:25] Strongly threatening Nc4.} Bc5 (20... Qxd3+ $11 21. Qc2 Qxc2+ 22. Kxc2 Re6) 21. Bxf6 $1 $16 Qxf6 (21... gxf6 $16 {was necessary.} 22. Ne4 Be7) 22. Nc7 $18 Qg6 23. Ne4 (23. Qxb7 $2 Reb8 $19 (23... Qxd3+ $2 24. Ka1 $19) (23... Qxd3+ $2 24. Ka1 $19)) 23... Be7 24. Re3 (24. Qxb7 $2 Reb8 $19) 24... Kh8 25. Nxa8 (25. Qxb7 $2 Rab8 $19) 25... Rxa8 26. Rg3 {[%emt 0:00:21] Prevents f5.} (26. Qxb7 $2 Rb8 $19) 26... Qh5 27. Rf3 $1 Rf8 28. Ng3 (28. Qxb7 $2 Rb8 $19) 28... Qg6 29. Nf5 (29. Qxb7 $2 Rb8 $19) ({Better is} 29. Re3 $18) 29... Bg5 (29... Qxg2 $16 30. Qd5 Bf6) 30. g4 (30. Qxb7 $2 Rb8 $19) 30... Bf4 31. h3 (31. Qxb7 $2 Rb8 $19 (31... Bxh2 32. Ka1 $11) (31... Bxh2 32. Ka1 $11)) 31... Rb8 32. Kc2 Na7 (32... Rc8 $142 33. Kb1 (33. Qxb7 Rb8 $11) 33... Rb8) 33. Qd5 f6 (33... Nc6 {was called for.} 34. Qd6 Rd8 35. Qxg6 fxg6) 34. Rb1 (34. Qxa5 Qf7 35. c4 (35. Qxa7 $2 Qa2#) 35... Nc6 $16) 34... Qe8 35. Qxa5 Nc6 36. Qc7 (36. Qb5 $18) 36... Qg8 $2 (36... Nd4+ $1 $11 {and Black stays safe.} 37. Kb2 (37. cxd4 $2 Rc8 $19) 37... Nxf5 38. gxf5 Ra8) 37. Rb3 (37. Rxb7 $2 {gets mated.} Qa2+) (37. c4 $142) 37... Rc8 38. Qxb7 Na5 {[%emt 0:01:04] [#]} 39. Ne7 $1 Nxb7 40. Nxg8 Rc7 {[%emt 0:00:06] [#] Repels Ne7} 41. Nxf6 gxf6 {[%emt 0:00:03] [#]} 42. d4 $1 Kg7 43. Rb5 Nd6 44. Rc5 Ra7 45. a5 Ne4 46. Rb5 Ng5 47. Rd3 e4 48. Rd1 {[%emt 0:00:01] Threatens to win with h4.} Nxh3 49. Rf1 Kg6 50. c4 Bc7 51. Ra1 (51. c5 $18 {is more deadly.}) 51... Nxf2 52. a6 Bf4 53. Rb7 Ra8 54. Re7 (54. a7 $16) 54... Nxg4 (54... Kg5 $11 {keeps the balance.}) 55. Rxe4 $16 Kf5 (55... Kg5 $142) 56. Re7 {[%emt 0:00:09][%mdl 1024] White has strong compensation.} h5 57. a7 $1 h4 {[%emt 0:00:00] [#]} 58. Rh7 {[%emt 0:00:03] Against h3} (58. Rh1 $142 $1 Bg3 59. c5) 58... Bg3 ({Black should play} 58... Nh6) 59. Kc3 $2 {[%emt 0:00:16] White is more active.} (59. c5 $16) 59... Kg6 $11 60. Rb7 h3 61. c5 h2 62. c6 Nf2 63. c7 {[%emt 0:00:04] [#] The board is on fire.} Bxc7 $1 64. Rxc7 h1=Q {[%emt 0:00:00] Dodges d5} 65. Rxh1 Nxh1 {[%emt 0:00:00][%mdl 4096] Endgame. KRN-KR} 66. d5 Ng3 67. Kd4 Kf5 68. d6 Ke6 $2 {[%emt 0:00:02][%mdl 8192] White stays focused until the end.} (68... Ne4 $1 $11 {and Black has nothing to worry.}) 69. d7 $18 {[%emt 0:00:01] Hoping for Rb7.} Nf5+ {[%emt 0:00:07] [#]} 70. Kd3 $2 (70. Kc3 $1 $18 {And now Rc8 would win.} Nd6 71. Rc8 Nxc8 72. d8=Q (72. d8=B Rxa7 73. Kb4 Rb7+ 74. Kc3 Rb5 75. Kc4 Rd5 76. Bc7 Nd6+ 77. Kb4 Kd7 78. Ba5 f5 79. Bb6 Rb5+ 80. Kc3 Rxb6 81. Kd3 f4 82. Ke2 Rb3 83. Kd2 Ne4+ 84. Kc2 Rc3+ 85. Kb1 f3 86. Ka1 f2 87. Kb2 f1=Q 88. Ka2 Qb5 89. Ka1 Ra3#)) 70... Nd6 $2 {[%emt 0:00:01][%mdl 8192] [#] Prevents Rc8.} (70... Ne7 $11) 71. Rc8 $1 Rxa7 72. d8=Q ({Weaker is} 72. d8=R Nxc8 73. Rxc8 Re7 $11) 72... Nxc8 73. Qxc8+ {[%emt 0:00:00] KQ-KR} Rd7+ 74. Ke4 {[%emt 0:00:01] White mates.} Ke7 75. Qc5+ Ke6 76. Qc4+ Ke7 77. Kf5 Kd6 78. Kxf6 Rc7 79. Qd4+ Kc6 80. Ke6 Kb7 81. Qb4+ Kc8 82. Qb5 Rb7 83. Qc6+ Kb8 84. Kd6 Ka7 85. Qc5+ Kb8 86. Qa5 Ra7 87. Qb6+ Rb7 88. Qd8+ Ka7 89. Qa5+ Kb8 90. Kc6 Rh7 91. Qb4+ Ka7 92. Qa3+ Kb8 93. Qb3+ {[%emt 0:00:01] Weighted Error Value: White=0.40/Black=0.34.  Loses game:     	---       	Black=3      Missed win:     	White=3     	---        Mistake:       	White=5     	Black=8      Inaccurate:     	White=3     	Black=2      OK:         	White=28    	Black=28     Best:        	White=6     	Black=4      Strong:       	White=3     	---        Brilliant:      	White=1     	---} 1-0

[Event "CCT Julius Baer-D1-Place 2024"]
[Site "Online"]
[Date "2024.09.26"]
[Round "1"]
[White "Erigaisi Arjun"]
[Black "So, Wesley"]
[Result "1/2-1/2"]
[ECO "A13"]
[WhiteElo "2778"]
[BlackElo "2752"]
[Annotator "TA"]
[PlyCount "65"]
[EventDate "2024.09.25"]
[EventType "swiss"]
[EventCountry "NET"]
[SourceTitle "playchess.com"]
[Source "ChessBase"]
[SourceQuality "1"]
[TimeControl "600+2"]

1. Nf3 d5 2. e3 Nf6 3. c4 e6 4. Nc3 Be7 5. b3 O-O 6. Bb2 c5 7. cxd5 exd5 8. Rc1 d4 9. Na4 dxe3 10. fxe3 b6 11. Bb5 {[%emt 0:00:33] Wards off Nc6} Ba6 12. Bxa6 Nxa6 13. O-O Nb4 14. Ne5 Nd7 (14... Nxa2 $2 15. Nc6 Qe8 16. Nxe7+ Qxe7 17. Ra1 $18) 15. Nxf7 Rxf7 $19 16. Rxf7 Kxf7 17. a3 Nd3 18. Qh5+ Kf8 19. Rf1+ Bf6 ({Better is} 19... Nf6 {Hoping for ...Nxb2.} 20. Bxf6 Bxf6 21. Qxh7 Ne5) 20. Ba1 $17 h6 {[%emt 0:01:02] Threatens to win with ...Qe8.} 21. Nc3 (21. Qf5 $17 {was called for.} b5 22. Nc3 (22. Qxd3 $2 bxa4 23. bxa4 Kg8 $19)) 21... N3e5 $2 (21... Qe8 $19 22. Qf5 N3e5) 22. Nd5 $11 Nf7 23. e4 Qe8 {[%emt 0:01:51] [#] aiming for ...Bxa1.} ({But not} 23... Kg8 $6 24. Nxf6+ Nxf6 25. Bxf6 gxf6 26. Qg6+ Kh8 (26... Kf8 $2 27. Rxf6 Qd4+ 28. Kf1 $18) 27. Qxf7 $16) (23... Rc8 $5 24. e5 Nfxe5 25. Nxf6 (25. Bxe5 Nxe5 26. Qxe5 Rc6 $11) 25... Nxf6 26. Qxe5 (26. Bxe5 Rc6 $11) 26... Qe7 $11) 24. Qf5 $2 (24. Bxf6 $11 Nxf6 25. Nxf6 gxf6 26. Rxf6) 24... Bxa1 $19 25. Nc7 Qe7 26. Nd5 Qe8 27. Nc7 $1 Qe7 28. Nd5 $1 Bd4+ 29. Kh1 Qe8 30. Nc7 Qe7 (30... g6 $142 $1 31. Qd5 Nf6 32. Rxf6 Bxf6 33. Nxe8 Rxe8) 31. Nd5 $1 Qe8 32. Nc7 Qe7 (32... g6 $142 $1 33. Qd5 Nf6 34. Rxf6 Bxf6 35. Nxe8 Rxe8) 33. Nd5 $1 {[%emt 0:00:00] Weighted Error Value: White=0.25 (precise) /Black=0.88.  Loses game:     	White=1     	---        Mistake:       	White=2     	Black=4      Inaccurate:     	White=2     	Black=3      OK:         	White=5     	Black=6      Best:        	White=7     	Black=1      Strong:       	White=4     	---} 1/2-1/2

[Event "CCT Julius Baer-D1-Place 2024"]
[Site "Online"]
[Date "2024.09.26"]
[Round "1"]
[White "Nepomniachtchi, Ian"]
[Black "Martinez Alcantara, Jose Eduardo"]
[Result "1-0"]
[ECO "A29"]
[WhiteElo "2755"]
[BlackElo "2607"]
[Annotator "TA"]
[PlyCount "57"]
[EventDate "2024.09.25"]
[EventType "swiss"]
[EventCountry "NET"]
[SourceTitle "playchess.com"]
[Source "ChessBase"]
[SourceQuality "1"]
[TimeControl "600+2"]

1. c4 e5 2. Nc3 Nf6 3. Nf3 Nc6 4. g3 Bc5 5. Bg2 d6 6. O-O a6 7. e3 Ba7 8. b3 O-O {[%emt 0:00:01] The position is equal.} 9. Bb2 Bf5 10. d4 exd4 11. Nxd4 Nxd4 12. exd4 c6 13. d5 Rc8 14. dxc6 bxc6 15. Qd2 d5 16. Qf4 Bg6 17. cxd5 cxd5 18. Rad1 d4 19. Ne4 Nd5 20. Qd2 Ne3 $2 {[%emt 0:00:01][%mdl 8192] This move loses the game for Black.} 21. fxe3 $18 dxe3 {[%emt 0:00:00] [#]} 22. Qe2 Qe7 {[%emt 0:00:26] [#] Hoping for ...Rfd8.} 23. Bd4 $1 Bxe4 24. Bxe4 Qxe4 25. Bxa7 Rc2 26. Qf3 (26. Qxa6 $2 Qg2#) 26... Qxf3 27. Rxf3 e2 28. Re1 Re8 (28... Ra8 $142 29. Bf2 Rxa2) 29. a4 {[%emt 0:00:06] Weighted Error Value: White=0.06 (flawless) /Black=0.33.  Loses game:     	---       	Black=1      Mistake:       	---       	Black=1      Inaccurate:     	White=2     	Black=1      OK:         	White=11    	Black=7      Best:        	White=3     	Black=1} ({Don't do} 29. Kf2 Rxa2 30. Re3 Rxe3 31. Bxe3 (31. Kxe3 Rb2 $14) 31... Rb2 32. Rxe2 Rxb3 $18) 1-0

[Event "CCT Julius Baer-D1-Place 2024"]
[Site "Online"]
[Date "2024.09.26"]
[Round "1"]
[White "So, Wesley"]
[Black "Erigaisi Arjun"]
[Result "0-1"]
[ECO "C54"]
[WhiteElo "2752"]
[BlackElo "2778"]
[Annotator "TA"]
[PlyCount "80"]
[EventDate "2024.09.25"]
[EventType "swiss"]
[EventCountry "NET"]
[SourceTitle "playchess.com"]
[Source "ChessBase"]
[SourceQuality "1"]
[TimeControl "600+2"]

1. e4 e5 2. Nf3 Nc6 3. Bc4 Bc5 4. c3 Nf6 5. d3 d6 6. O-O O-O 7. Re1 Bb6 8. Bg5 Ne7 9. Bxf6 gxf6 {[%emt 0:00:00] White has an edge.} 10. d4 c6 11. Nbd2 Ng6 12. Bb3 Kh8 13. Nc4 Bg4 14. Ne3 Be6 15. d5 Bc8 16. Qd2 Bxe3 17. fxe3 f5 18. exf5 Bxf5 19. e4 Bg4 20. dxc6 Bxf3 21. cxb7 ({Of course not} 21. gxf3 bxc6 22. Rad1 f5 23. exf5 (23. Qxd6 Qb6+ 24. Kg2 Rad8 $15) 23... Nh4 $15) 21... Rb8 {[%emt 0:00:26][%cal Og6h4,Ba8b8,Bb8b7,Bb7g7][%mdl 32] [#] ...Nh4! would now be deadly.} 22. gxf3 f5 (22... Rxb7 $142 23. Rad1 Rb6) 23. Kh1 (23. Bd5 $142) 23... Rxb7 24. exf5 Rxf5 25. Rad1 Rf6 26. Bd5 Rg7 {[%emt 0:00:02] Black is weak on the light squares} 27. Rg1 Qf8 28. c4 Nf4 29. Be4 Nh3 30. Rxg7 Qxg7 31. Qg2 (31. Qe1 $16) 31... Qh6 $1 $11 32. b4 Rf7 $40 {[%emt 0:00:11][%mdl 128] aiming for ...Rg7. Black attacks.} 33. c5 $2 {[%emt 0:00:20][%mdl 8192] [#]} (33. Qd2 $11 Rg7 34. f4 (34. Qxh6 $2 Nf2#)) 33... Rg7 $1 $19 34. Qf1 Qh4 35. Rd2 {[%emt 0:00:09] Wards off Nf2+} Rg1+ 36. Qxg1 Nxg1 37. Rd1 {[%emt 0:00:49] Against Qe1} Nh3 {[%emt 0:00:03] ( -> ...Nf2+)} 38. c6 Nf2+ {[%emt 0:00:05] Black mates.} 39. Kg2 Nxd1 40. c7 Ne3+ {[%emt 0:00:03] Weighted Error Value: White=0.58/Black=0.08 (flawless) .  Loses game:     	White=1     	---        Mistake:       	White=2     	Black=1      Inaccurate:     	White=1     	Black=4      OK:         	White=9     	Black=8      Best:        	White=4     	Black=1      Strong:       	---       	Black=2} 0-1

[Event "CCT Julius Baer-D1-Place 2024"]
[Site "Online"]
[Date "2024.09.26"]
[Round "1"]
[White "Aronian, Levon"]
[Black "Vidit, Santosh Gujrathi"]
[Result "1-0"]
[ECO "C54"]
[WhiteElo "2729"]
[BlackElo "2720"]
[Annotator "TA"]
[PlyCount "125"]
[EventDate "2024.09.25"]
[EventType "swiss"]
[EventCountry "NET"]
[SourceTitle "playchess.com"]
[Source "ChessBase"]
[SourceQuality "1"]
[TimeControl "600+2"]

1. e4 e5 2. Nf3 Nc6 3. Bc4 Bc5 4. c3 (4. O-O Nf6 5. d3 d6 6. c3 O-O 7. h3 Bb6 8. a4 a5 9. Re1 h6 10. Bb3 Re8 11. Nbd2 Be6 12. Nc4 Ba7 13. Be3 Bxe3 14. Nxe3 d5 15. exd5 Nxd5 16. Nxd5 Bxd5 17. Re3 Re6 {½-½ Aronian,L (2729)-Vidit,S (2720) Olympiad-45 Budapest 2024 (10.4)}) 4... Nf6 5. d3 d6 6. a4 {[%emt 0:00:01] White is slightly better due to center control and better piece development. Castling kingside would be a good move. C54: Giuoco Piano: 4 c3 Pf6, Hoofdvarianten met 5 d4 en 5 d3.} a5 {[%emt 0:00:01] OK} 7. Bg5 {[%emt 0:00:01] Onnauwkeurig wordt verkozen boven 7.0-0.} h6 {[%emt 0:00:08] OK} 8. Bh4 {[%emt 0:00:01] OK. De stelling is in evenwicht.} Qe7 9. Nbd2 {[%emt 0:00:04] Onnauwkeurig} Bd7 {[%emt 0:00:01] Fout (0.5)} (9... g5 $11 {is het overwegen waard.} 10. Bg3 Nh5) 10. O-O g5 {[%emt 0:00:09] OK} 11. Bg3 {[%emt 0:00:01] OK} O-O-O $146 {[%emt 0:00:03] White stands slightly better. Black needs to focus on solidifying the kingside and consider developing the light-squared bishop. OK} ({Predecessor:} 11... O-O 12. Re1 Rae8 13. Nf1 Nh5 14. Nxe5 Nxg3 15. Nxd7 Nxe4 16. Nxc5 {1-0 Zwirs,N (2422)-Pacher,M (2427) Groningen op 57th 2019 (7)}) 12. Rb1 {[%emt 0:00:04] Fout (0.6)} (12. Bd5 $11 {White is slightly better. Black needs to defend solidly. Consider playing d4 to open lines.}) 12... h5 13. h4 {[%emt 0:00:05] OK} (13. Nxg5 $2 {White is slightly better. Focus on developing the queen's rook and consider centralizing the queen. slaat de verkeerde figuur.} h4 14. d4 exd4 15. cxd4 Bxd4 $17 (15... Nxd4 $2 16. Bf4 $19)) 13... gxh4 {[%emt 0:00:05] OK} 14. Bxh4 {[%emt 0:00:05] White is slightly better. Focus on developing your knight and consider pushing d4. Black needs to defend solidly.} Rdg8 {[%emt 0:00:01] Beste (Gemakkelijk)} 15. Kh1 {[%emt 0:00:10] Onnauwkeurig} Rg4 {[%emt 0:00:08][%cal Og4h4] Black is solid but needs to be careful. White has active bishops and strong central control. OK} 16. g3 {[%emt 0:00:02] OK} Rhg8 {[%emt 0:00:13] OK} 17. b4 {[%emt 0:00:31] Black has a strong initiative. White needs to defend carefully, possibly considering moves like d4 to disrupt Black's bind. Fout (1.3)} (17. Bd5 $11) 17... axb4 $17 {[%emt 0:01:13] OK} 18. cxb4 Bxb4 {[%emt 0:00:28] Fout (1.3)} (18... Nxb4 $17 19. a5 R8g6) 19. Nb3 {[%emt 0:01:50] Fout (1.4)} (19. a5 $1 $11 {blijft gelijk.}) 19... Be6 $1 {[%emt 0:01:36] ...Bxc4 zou dodelijk zijn. Sterk} 20. Qc2 {[%emt 0:01:30] White is slightly better; developing the knight to g5 or putting pressure on the pinned bishop could be good moves. Fout (1.0)} (20. Bb5 $17 {was de enige kans.}) 20... Bxc4 $19 {[%emt 0:00:15] OK} 21. Qxc4 {[%emt 0:00:03] [#]} d5 $1 {[%emt 0:00:08][%mdl 512] OK} 22. Qc2 {[%emt 0:00:26] White is better, focusing on activating pieces and challenging Black's setup. Nxg4 could be a strong move. OK} dxe4 23. dxe4 Qe6 {[%emt 0:00:05] Black has a slight advantage. Black's pieces are more active, especially the bishops, and White must be cautious. Defending solidly is key for White. OK} 24. Nh2 {[%emt 0:00:11] Beste} R4g6 (24... Rxe4 25. Bxf6 Rc4 26. Qh7 $18) 25. a5 Nxa5 {[%emt 0:00:20] Fout (1.4)} (25... Bxa5 26. Nxa5 Nxa5 27. Rfc1 $14) (25... Qh3 $1 $19 {En nu zou ...Ng4 winnen.} 26. f3 (26. a6 $2 Ng4 $17) 26... Rxg3 (26... Nxa5 27. Nxa5 Bxa5 28. Rb5 $11) 27. Bxg3 Rxg3) 26. Nxa5 Bxa5 27. Ra1 {[%emt 0:00:03] White is better. Attacking chances on f6 and h5. Black needs to defend carefully. OK} b6 {[%emt 0:00:10] Fout (0.8)} ({Zwart zou moeten proberen} 27... Bb6 $1 $17 {...Bd4 is de sterke dreiging.} 28. Ra8+ {White is better. White has control of the open file and more active pieces. Black needs to defend carefully, especially around the king. A move like f4 can add pressure.} Kd7 29. Rd1+ Bd4 30. Rxg8 Rxg8 31. Qa4+ Ke7 (31... c6 32. Rxd4+ exd4 33. Qxd4+ Qd6 34. Bxf6 $11)) 28. Rfc1 $11 {[%emt 0:00:16][%csl Gc1][%cal Rc2c7] Beste (Gemakkelijk)} Ne8 {[%emt 0:00:05] Black is slightly better, exploiting White's weaknesses. Keep the pressure on White's king and consider counter threats against White's active pieces. Onnauwkeurig} 29. Qd3 {[%emt 0:00:24][%mdl 1024] Wit heeft compensatie. OK} f6 $1 {[%emt 0:00:36] White is better. Black has weak pawns and an exposed king. Black needs to defend carefully. Sterk} 30. Kg2 {[%emt 0:02:05] Dreigt te winnen met Nf1.} Nd6 {[%emt 0:00:37] Beste (Gemakkelijk)} 31. Rc6 $1 {[%emt 0:00:02] White is clearly winning. Active pieces, threats against Black's king, and strong control of the center. Sterk} Kb7 {[%emt 0:00:44] OK} 32. Rac1 {[%emt 0:00:03][%cal Rc6c7] Dansen op een scheermes. OK} Rc8 {[%emt 0:00:06] White is winning. Black's position is defensively overloaded and vulnerable to tactical threats. Fout (0.7)} (32... R8g7 $11 {Houdt de partij in balans.}) 33. Nf3 $2 {[%emt 0:00:09][%mdl 8192] Wit is actiever. Verliest partij (2.7)} (33. Nf1 $1 $16 {[%cal Rf1e3] houdt druk op de ketel.}) 33... Rg7 $1 $19 {[%emt 0:00:34] Sterk} 34. Qc2 Rd7 $1 {[%emt 0:00:11] Black is slightly better. The bishop on a5 and the activity of the rooks offer good counterplay. Defending solidly is key here. Sterk} 35. Qa4 {[%emt 0:00:01] White is winning. Black's position is very passive, and White's pieces are well-positioned for attack. Consider moves like Qa4.} Qg4 {[%emt 0:00:19] Fout (1.3)} (35... Ra8 $17 {Sterke dreiging met ...Ra7.} 36. Qc2 Qf7) 36. Bxf6 {[%emt 0:00:15] Fout (1.1)} ({Enige zet:} 36. R6c2 $1 $15 Rf7 (36... Nxe4 37. Rc4 $14) 37. Rb2) 36... Qxe4 $17 {[%emt 0:00:08] White has a significant advantage. Black's pieces are poorly coordinated, and White has threats against the Black king. Black needs to defend carefully. Beste (Gemakkelijk)} 37. Qxe4 {[%emt 0:00:13] Fout (0.7)} (37. Qc2 $17 {was hoogst noodzakelijk.}) 37... Nxe4 $19 {[%emt 0:00:00] White is better. The bishop pair and active pieces put pressure on Black's weakened king side. Black needs to defend carefully.} 38. Bxe5 {[%emt 0:00:01] OK} Nc5 $1 {[%emt 0:00:17] Black is up material (an exchange), but White's active pieces create threats. Black needs to defend solidly, especially the weak b6 pawn. OK} 39. Rh6 {[%emt 0:00:02] OK} Nd3 {[%emt 0:00:01] White is significantly better. Black's pieces are cramped, and White's rooks and knight are active.} 40. Rc4 {[%emt 0:00:02] Fout (0.6)} (40. Rcc6 {was nodig.}) 40... Rf8 {[%emt 0:00:05][%cal Of8f3] met als doel voor ...Rxf3! OK} 41. Rxh5 Rdf7 {[%emt 0:00:03] OK} 42. Bf4 {[%emt 0:00:02] OK} Nxf4+ {[%emt 0:00:16] OK} 43. gxf4 {[%emt 0:00:00] White is better. Black's knight and bishop are awkwardly placed. Rook to f5 would be a strong move for White.} Rxf4 {[%emt 0:00:01] White is better. Black needs to defend solidly. Moving the rook to protect the pawns could be a good idea.} 44. Rxf4 Rxf4 {[%emt 0:00:01][%mdl 4096] Eindspel. KRB-KRN} 45. Ne5 c5 46. Nd3 {[%emt 0:00:02] Beste} Rc4 {[%emt 0:00:01] White is winning, Black is in a difficult position. Protect the a5 Bishop.} 47. f4 {[%emt 0:00:01] OK} Rc2+ {[%emt 0:00:03] White is winning. Threaten the rook and aim for promotion. Black is in a tough spot. OK} 48. Kf3 {[%emt 0:00:02] Beste} c4 {[%emt 0:00:01] Beste (Gemakkelijk)} 49. Ne5 {[%emt 0:00:01] [#] Onnauwkeurig} c3 {[%emt 0:00:02] Fout (0.8)} ({Beter is} 49... Rc1 $1 $19 {Wit moet nu ...Ka6 voorkomen.} 50. f5 c3 51. Rh7+ Ka6) 50. Rh1 {[%emt 0:00:03] White is winning. Black's pieces are awkwardly positioned, and White has multiple threats with the knight and rook. Onnauwkeurig} Rd2 {[%emt 0:00:07] Fout (1.3)} ({Zwart zou moeten spelen} 50... b5 $17 {White is clearly better. Black's king is unsafe, and White has strong attacking chances. Hoopt vervolgens op ...Rd2.} 51. Ke4 Re2+ 52. Kd4 Rd2+ 53. Nd3 Kc7 54. Rh7+ Kd8 55. Rh8+ Ke7 56. Rh7+ Kf8) 51. Nc4 $11 {[%emt 0:00:01] OK} c2 52. Rc1 {[%emt 0:00:03] White is winning. The White knight and rook are dominating, and Black's pieces are passive. White can easily pick up more material or checkmate soon. OK} Rd3+ 53. Ke4 {[%emt 0:00:01] White is much better. Black's c2 pawn is strong but White's knight and rook are very active. Pushing the f-pawn could be decisive. OK} Rc3 {[%emt 0:00:02] OK} 54. Ne3 {[%emt 0:00:01] White is winning. Black is down significant material and defensively weak. White should capitalize on this and proceed to convert the advantage. OK} b5 {[%emt 0:00:03] OK} 55. Rxc2 {[%emt 0:00:05] OK} Rxc2 {[%emt 0:00:01] White is winning. Black's bishop and pawns are insufficient to counter White's rook and knight. White can proceed aggressively.} 56. Nxc2 {[%emt 0:00:00] KB-KN} Kc6 57. Nd4+ {[%emt 0:00:01] OK} Kc5 $2 {[%emt 0:00:01][%mdl 8192] Verliest partij (Mat)} (57... Kd6 $11) 58. Nb3+ {[%emt 0:00:01] Beste (Gemakkelijk). Wit zet mat.} Kb4 59. Nxa5 Kxa5 60. f5 {[%emt 0:00:00][%cal Bf4f5,Bf5f6,Bf6f7][%mdl 32] EV=24.77. Goes to f7 (dbg))} b4 {[%emt 0:00:01][%cal Bb5b4,Bb4b3][%mdl 32] White is winning. Black's king and pawn are out of play, and White will promote the pawn to a queen quickly. EV=14.73. Goes to b3 (dbg))} 61. f6 b3 {[%emt 0:00:01] [#]} 62. Kd3 $1 {[%emt 0:00:00] White is winning. Promote the pawn on the next move.} Kb4 63. f7 {[%emt 0:00:01] Een wilde partij.   Blunder waarde: Wit=0.27 (precies) /Zwart=0.33.  Verliest partij:   	Wit=1      	Zwart=1      Fout:        	Wit=7      	Zwart=8      Onnauwkeurig:    	Wit=5      	Zwart=1      OK:         	Wit=18     	Zwart=19     Beste:        	Wit=5      	Zwart=4      Sterk:        	Wit=1      	Zwart=4} 1-0